Map: Ever Dream LE

Players

BlyOnFire (Bly)

  • Race: Zerg Zerg
  • League: Master
  • Spawn Location: 7:00

soul - Winner!

  • Race: Terran Terran
  • League: Master
  • Spawn Location: 1:00

Event: StayAtHomestory Cup #2

VOD

Have the link to the VOD?

Description

Time

  • Played on: June 11, 2020, 4:57 p.m.
  • Length: 18:20

All games in this series

Show
View Real Time Build Order
Export as new Build Order

BlyOnFire Zerg 

Build Orders: Pool First 

Get SALT Encoding   

  12  0:01  Drone  
  13  0:12  Overlord  
  13  0:16  Drone  
  14  0:30  Drone x2  
  16  0:41  Spawning Pool  
  15  0:43  Drone  
  15  0:48  Drone  
  17  1:00  Extractor  
  16  1:10  Hatchery  
  15  1:14  Drone  
  16  1:29  Zergling x6  
  19  1:34  Queen  
  21  1:55  Overlord  
  21  2:01  Drone  
  22  2:12  Queen  
  22  2:13  Roach Warren  
  23  2:21  Drone x2  
  24  2:32  Drone  
  24  2:34  Overlord  
  24  2:53  Roach x4  
  24  2:58  Overlord  
  32  3:07  Drone x3  
  34  3:26  Lair  
  34  3:29  Drone x2  
  34  3:30  Drone  
  34  3:33  Drone x2  
  39  3:38  Drone x2  
  41  3:43  Drone  
  41  3:47  Drone  
  41  3:48  Drone x2  
  45  3:52  Drone x2  
  47  3:56  Drone  
  47  3:57  Drone  
  47  4:00  Extractor  
  47  4:02  Metabolic Boost  
  48  4:10  Overlord  
  48  4:18  Overlord, Ravager  
  48  4:21  Extractor  
  48  4:28  Extractor  
  44  4:36  Ravager  
  43  4:39  Drone x8  
  43  4:42  Drone x2  
  51  4:53  Overlord  
  48  5:01  Drone x3  
  51  5:09  Hatchery  
  51  5:11  Queen x2  
  54  5:14  Glial Reconstitution  
  54  5:19  Zergling x2, Spire  
  54  5:20  Zergling x8  
  58  5:32  Zergling x4  
  58  5:34  Overlord x3  
  60  5:54  Overlord  
  56  6:08  Drone x8  
  64  6:14  Evolution Chamber  
  64  6:17  Evolution Chamber  
  62  6:21  Overlord  
  62  6:27  Drone x8  
  70  6:36  Mutalisk x3  
  73  6:44  Zerg Ground Armor Level 1  
  73  6:45  Zerg Missile Weapons Level 1  
  73  6:46  Drone x3  
  76  6:48  Extractor x2  
  74  6:57  Drone x3  
  74  6:58  Drone x2  
  79  7:08  Hatchery  
  79  7:15  Drone  
  79  7:24  Roach x6  
  91  7:32  Roach x3  
  97  7:41  Overlord x6  
  97  7:43  Overlord x4  
  96  7:52  Overlord  
  96  7:53  Overlord  
  96  8:01  Roach  
  96  8:02  Roach x7  
  112  8:11  Roach x2  
  115  8:14  Roach x3  
  115  8:16  Ravager x9  
  130  8:21  Roach x3  
  136  8:28  Roach x7  
  136  8:32  Roach x2  
  154  8:39  Unknown  
  152  8:44  Roach x7  
  152  8:46  Zerg Missile Weapons Level 2  
  152  8:47  Zerg Ground Armor Level 2  
  166  8:54  Roach x4  
  174  9:01  Overseer x2  
  174  9:09  Ravager x2  
  176  9:11  Drone x2  
  176  9:12  Overlord, Drone  
  176  9:16  Overlord, Drone  
  180  9:17  Roach x4  
  180  9:18  Roach x2  
  182  9:38  Ravager x5  
  179  9:44  Ravager  
  171  9:56  Roach x13  
  171  9:59  Overlord  
  195  10:30  Baneling Nest  
  194  10:39  Drone  
  195  10:45  Hatchery  
  179  10:57  Roach x10  
  199  11:08  Zerg Melee Weapons Level 1  
  199  11:15  Infestation Pit  
  188  11:25  Ravager  
  183  11:27  Ravager  
  183  11:28  Ravager  
  174  11:50  Roach x18  
  195  11:56  Centrifical Hooks  
  195  12:04  Ravager x4  
  199  12:21  Hive  
  199  12:29  Zergling x2  
  193  12:55  Zergling x22  
  193  12:56  Zergling x4  
  197  13:07  Hatchery  
  194  13:21  Hatchery, Zergling x22  
  183  13:35  Ultralisk Cavern  
  183  13:36  Spawning Pool, Roach Warren  
  183  13:38  Baneling x15  
  159  13:42  Baneling x9  
  159  13:45  Zergling x18  
  165  13:57  Baneling Nest  
  147  14:05  Overlord x4  
  147  14:06  Overlord x2  
  147  14:09  Zergling x14  
  136  14:22  Chitinous Plating  
  136  14:23  Ultralisk  
  136  14:24  Ultralisk x6  
  176  14:44  Ultralisk  
  113  15:39  Ultralisk x2  
  113  15:51  Drone x6  
  119  16:08  Ravager  
  119  16:09  Ravager x5  
  125  16:17  Zergling x6  
  114  16:38  Drone x3  
  117  16:46  Baneling x6  
  117  16:49  Hatchery  
  108  17:15  Ultralisk x2  
  107  17:25  Zergling x18  
  85  17:46  Baneling x5  
Show
View Real Time Build Order
Export as new Build Order

soul Terran - Winner!

Build Orders: Reaper Expand 

Get SALT Encoding   

  12  0:01  SCV  
  13  0:13  SCV  
  14  0:17  Supply Depot  
  14  0:25  SCV  
  15  0:39  SCV  
  15  0:41  Barracks  
  16  0:43  Refinery  
  16  0:51  SCV  
  17  1:03  SCV  
  18  1:15  SCV  
  19  1:28  Reaper, Orbital Command  
  20  1:41  Command Center  
  20  1:49  Supply Depot  
  20  1:54  SCV  
  20  2:00  Marine  
  22  2:06  SCV  
  23  2:08  Factory  
  23  2:13  Refinery  
  23  2:19  SCV  
  23  2:22  Barracks Reactor  
  24  2:25  Bunker  
  23  2:39  SCV  
  24  2:51  SCV  
  25  2:54  Starport  
  25  3:03  SCV  
  26  3:14  Barracks Tech Lab  
  26  3:15  SCV  
  26  3:16  Hellion x2  
  26  3:18  Orbital Command  
  31  3:27  SCV  
  32  3:37  Hellion  
  32  3:38  Hellion  
  32  3:39  Viking, SCV  
  39  3:44  SCV  
  40  3:51  SCV  
  40  3:53  Supply Depot  
  41  3:56  SCV  
  41  4:00  Supply Depot  
  42  4:03  SCV  
  42  4:06  Marine, Siege Tank  
  46  4:11  SCV, Starport Tech Lab  
  46  4:12  Marine  
  44  4:19  SCV  
  44  4:23  SCV  
  44  4:24  Marine  
  44  4:30  Marine  
  43  4:31  Banshee  
  43  4:37  SCV x2  
  48  4:42  Marine  
  49  4:48  Siege Tank  
  49  4:49  SCV x2  
  52  5:01  SCV  
  52  5:03  SCV  
  52  5:05  Supply Depot  
  54  5:13  SCV, Command Center  
  54  5:20  Supply Depot  
  54  5:26  SCV x2, Starport Reactor  
  54  5:27  Widow Mine  
  58  5:29  Barracks  
  58  5:34  Stimpack  
  58  5:35  Barracks  
  58  5:39  SCV  
  58  5:40  Engineering Bay  
  58  5:41  SCV, Engineering Bay  
  60  5:44  Marine  
  60  5:48  Widow Mine  
  63  5:51  SCV  
  63  5:53  SCV  
  63  5:55  Supply Depot  
  65  5:58  Supply Depot  
  65  6:02  Marine  
  65  6:03  SCV  
  65  6:05  SCV  
  65  6:09  Terran Infantry Weapons Level 1, Missile Turret  
  65  6:11  Terran Infantry Armor Level 1  
  66  6:13  Missile Turret  
  66  6:14  Starport Reactor  
  66  6:15  SCV  
  66  6:18  SCV  
  68  6:20  Refinery, Marine x2  
  68  6:22  Refinery  
  70  6:26  Marine  
  70  6:27  SCV  
  70  6:29  Marine x2  
  70  6:30  SCV  
  75  6:35  Orbital Command  
  75  6:38  Marine x2  
  75  6:39  SCV  
  78  6:42  SCV, Siege Tank  
  78  6:43  Marine  
  83  6:47  Marine  
  83  6:48  Marine  
  83  6:51  SCV  
  83  6:52  Medivac  
  83  6:54  Medivac  
  90  6:56  Marine  
  90  6:58  Marine  
  90  7:01  Orbital Command, Marine  
  89  7:05  SCV, Marine  
  89  7:06  SCV  
  89  7:07  Marine  
  94  7:13  Marine  
  95  7:15  Supply Depot  
  95  7:16  Missile Turret  
  95  7:17  Marine  
  95  7:18  SCV  
  95  7:19  Supply Depot  
  95  7:21  Supply Depot  
  95  7:22  Marine  
  97  7:24  SCV  
  97  7:27  Combat Shield  
  97  7:28  Armory, Marine  
  100  7:30  SCV  
  101  7:37  SCV  
  101  7:39  Supply Depot  
  101  7:40  Supply Depot  
  101  7:41  Supply Depot  
  101  7:42  Marine  
  101  7:43  SCV  
  103  7:44  Marine x2  
  103  7:45  Marine  
  103  7:48  SCV  
  103  7:49  SCV  
  108  7:55  SCV  
  109  7:59  Barracks  
  109  8:00  SCV, Barracks  
  109  8:01  SCV  
  111  8:06  Marine  
  111  8:07  SCV  
  111  8:08  Bunker  
  111  8:10  Medivac x2  
  117  8:15  Marine x4  
  121  8:24  Terran Infantry Armor Level 2, Marine, Terran Infantry Weapons Level 2  
  121  8:31  Siege Tank  
  121  8:33  Marine x4  
  128  8:40  Medivac x2  
  132  8:42  Marine  
  133  8:50  Barracks Reactor x2, Command Center  
  133  8:51  Marine x2  
  133  8:54  Marine x2  
  137  8:56  Refinery x2  
  137  8:57  Factory  
  137  8:59  SCV x2, Marine  
  137  9:04  Bunker, Siege Tank  
  137  9:09  Marine x2  
  141  9:11  Marine  
  141  9:12  Marine  
  143  9:17  Marine  
  144  9:26  Marine  
  144  9:27  Marine x2  
  144  9:28  Marine  
  144  9:29  Marine x2  
  144  9:30  Marine  
  131  9:32  Marine  
  131  9:35  Marine  
  131  9:36  Siege Tank  
  136  9:39  Medivac x2  
  136  9:40  SCV x2  
  136  9:44  SCV, Marine x3  
  146  9:46  Marine  
  146  9:47  Marine  
  146  9:48  Marine  
  146  9:51  Marine  
  149  9:56  Marine  
  149  9:58  Supply Depot  
  149  9:59  Supply Depot  
  149  10:01  SCV  
  149  10:02  Marine x4  
  154  10:09  Marine, Siege Tank  
  154  10:10  Marine  
  154  10:12  Marine  
  160  10:19  Marine  
  158  10:27  Marine x6  
  158  10:28  Marine  
  164  10:29  Marine  
  164  10:33  Factory Tech Lab  
  166  10:37  Marine  
  166  10:38  Orbital Command  
  167  10:45  Marine x6  
  167  10:46  Marine  
  167  10:47  Terran Infantry Weapons Level 3, Marine  
  174  10:55  Marine  
  172  11:02  Marine  
  172  11:03  Marine x3  
  172  11:04  SCV x2, Marine  
  179  11:10  Planetary Fortress  
  181  11:11  SCV  
  181  11:12  Marine  
  179  11:18  Terran Infantry Armor Level 3  
  179  11:20  Marine  
  179  11:21  SCV  
  179  11:23  Marine x2  
  179  11:25  Marine  
  177  11:26  SCV  
  177  11:27  Medivac, Marine  
  177  11:30  Medivac  
  177  11:31  Marine  
  179  11:37  Marine x3  
  179  11:38  Marine  
  182  11:41  Marine  
  178  11:51  Marine  
  178  11:53  Command Center  
  169  11:54  Marine  
  169  11:57  Medivac, Marine  
  173  12:09  Supply Depot  
  173  12:11  Supply Depot  
  173  12:30  Medivac, Marine x6  
  173  12:32  Marine x3  
  180  12:48  Marine x6  
  180  12:50  Marine x3  
  167  12:52  Medivac  
  167  12:57  Siege Tank  
  157  13:00  Medivac, Command Center  
  159  13:06  Marine x6  
  159  13:07  Marine x3  
  153  13:24  Marine x6  
  153  13:25  Marine x3  
  134  13:42  Marine x6  
  134  13:43  Marine x3  
  143  13:55  Medivac  
  145  13:59  Marine x4  
  145  14:01  Marine  
  149  14:10  Siege Tank  
  149  14:11  Marine, Siege Tank  
  149  14:15  Marine  
  157  14:19  Marine  
  157  14:21  Supply Depot  
  157  14:23  Marine  
  157  14:26  Orbital Command  
  157  14:29  Marine  
  158  14:34  Marine  
  158  14:36  Marine x3  
  158  14:37  Marine  
  163  14:42  Siege Tank  
  155  14:55  SCV x3  
  155  14:57  Marine  
  157  15:07  SCV x3  
  160  15:19  SCV x2  
  160  15:20  SCV  
  163  15:27  Liberator x2  
  154  15:33  Marine  
  154  15:34  Marine  
  147  15:41  Marine x3  
  145  15:49  Marine x2  
  142  16:11  Marauder  
  142  16:12  Liberator x2  
  142  16:13  Marauder  
  142  16:16  Marauder  
  154  16:18  Widow Mine  
  154  16:19  Widow Mine  
  143  16:33  Marauder  
  143  16:35  Marauder  
  143  16:37  Marauder, Orbital Command  
  138  16:45  Widow Mine x2  
  144  16:54  Marauder  
  144  16:56  Marauder  
  144  16:59  Marauder  
  138  17:15  Marauder  
  138  17:17  Marauder, Marine x4  
  138  17:18  Liberator  
  138  17:20  Marauder  
  141  17:35  Marine x4  
  141  17:37  Marauder  
  141  17:39  Marauder  
  141  17:41  Marauder  
  148  17:53  Marine x2  
  148  17:54  Marine  
  150  17:58  Marauder  
Tags
 
Add a new tag
Caveats
  • Supply blocks, unpowered buildings, or Contaminate may cause inaccurate times.
  • Supply counts are checked every 10 seconds.